 Dungeon Crawl Stone Soup version 0.26.0-5-gb5863c6483 (webtiles) character file.

Game seed: 18118022509244670528

4014 Delamore the Basher (level 10, 0/59 HPs)
             Began as a Gargoyle Fighter on Jan 10, 2021.
             Was an Elder of Makhleb.
             Killed by divine providence
             ... invoked by a smoke demon
             ... summoned by the player character
              (14 damage)
             ... on level 9 of the Dungeon.
             The game lasted 00:08:04 (6465 turns).

Delamore the Basher (Gargoyle Fighter)              Turns: 6465, Time: 00:08:04

Health: 0/59       AC: 19    Str: 30    XL:     10   Next: 23%
Magic:  10/10      EV:  2    Int:  8    God:    Makhleb [****..]
Gold:   180        SH: 10    Dex:  9    Spells: 9/9 levels left

rFire    . . .     SeeInvis .   t - +6 flail (venom)
rCold    . . .     Faith    .   c - +0 kite shield
rNeg     + . .     Spirit   .   g - +0 chain mail
rPois    ∞         Reflect  .   (no helmet)
rElec    +         Harm     .   G - +1 cloak
rCorr    .         Rampage  .   B - +0 pair of gloves
Will     .....                  (no boots)
Stlth    ..........             J - amulet of magic regeneration
HPRegen  0.19/turn              z - -4 ring of evasion (curse)
MPRegen  0.37/turn              e - +6 ring of strength

@: liquid flames, glowing
A: negative energy resistance 1, electricity resistance, unbreathing,
petrification resistance, miasma immunity, AC +7
a: Renounce Religion, Minor Destruction, Lesser Servant of Makhleb, Major
Destruction


You were on level 9 of the Dungeon.
You worshipped Makhleb.
Makhleb was greatly pleased with you.
You visited 2 branches of the dungeon, and saw 10 of its levels.

You collected 477 gold pieces.
You spent 297 gold pieces at shops.

Inventory:

Hand Weapons
 a - a +0 flail
 k - a +3 whip of holy wrath
 t - a +6 flail of venom (weapon)
 u - a +0 morningstar
Missiles
 y - 37 poisoned darts (quivered)
Armour
 b - a +0 scale mail
 c - a +0 kite shield (worn)
 g - a +0 chain mail (worn)
 B - a +0 pair of gloves (worn)
 G - a +1 cloak (worn)
Jewellery
 e - a +6 ring of strength (right hand)
 j - an uncursed ring of protection from fire
 o - a +6 ring of intelligence
 z - a cursed -4 ring of evasion (left hand)
 C - an uncursed ring of positive energy
 J - an amulet of magic regeneration (around neck)
 L - a +6 ring of dexterity {unknown}
Wands
 l - a wand of disintegration (10)
 x - a wand of polymorph (10)
 D - a wand of paralysis (8)
Scrolls
 h - 3 scrolls of enchant armour
 i - 3 scrolls of magic mapping
 n - 4 scrolls of teleportation
 p - 3 scrolls of enchant weapon
 q - a scroll of fog
 r - 3 scrolls of blinking
 v - 3 scrolls of immolation
 w - a scroll of fear
 E - a scroll of noise
 M - a scroll of amnesia
 N - a scroll of acquirement {unknown}
 O - a scroll of identify
Potions
 d - 2 potions of might
 f - 7 potions of curing
 m - a potion of berserk rage {unknown}
 s - a potion of heal wounds
 A - 2 potions of haste {unknown}
 F - a potion of degeneration {unknown}
 H - a potion of attraction {unknown}
 I - a potion of ambrosia {unknown}
 K - a potion of resistance {unknown}


   Skills:
 - Level 5.0 Fighting
 + Level 13.3 Maces & Flails
 - Level 3.2 Armour
 - Level 5.0 Shields


You had 9 spell levels left.
You didn't know any spells.
Your spell library contained the following spells:

 Spells                   Type           Power        Failure   Level
 Beastly Appendage        Tmut           0%           100%        1
 Corona                   Hex            0%           100%        1
 Freeze                   Ice            0%           100%        1
 Ensorcelled Hibernation  Hex/Ice        0%           100%        2
 Wereblood                Tmut           0%           100%        2
 Confusing Touch          Hex            0%           100%        3
 Dazzling Flash           Conj/Hex       0%           100%        3
 Frozen Ramparts          Ice            0%           100%        3
 Gell's Gravitas          Tloc           0%           100%        3
 Ozocubu's Armour         Ice            0%           100%        3
 Spider Form              Tmut/Pois      0%           100%        3
 Tukima's Dance           Hex            0%           100%        3
 Hailstorm                Conj/Ice       0%           100%        4
 Ice Form                 Ice/Tmut       0%           100%        4
 Petrify                  Tmut/Erth      0%           100%        4
 Summon Ice Beast         Ice/Summ       0%           100%        4
 Blade Hands              Tmut           0%           100%        5
 Metabolic Englaciation   Hex/Ice        0%           100%        5
 Yara's Violent Unravell  Hex/Tmut       0%           100%        5


Dungeon Overview and Level Annotations

Branches:
Dungeon (9/15)             Temple (1/1) D:7
   Lair: D:8-11         Orc: D:9-12

Altars:
Elyvilon
Fedhas
Gozag
Hepliaklqana
Kikubaaqudgha
Makhleb
Nemelex Xobeh
Qazlal
Ru
Sif Muna
Vehumet
Xom
Zin

Shops:
D:5 ==(!   D:6 *


Innate Abilities, Weirdness & Mutations

You are resistant to torment.
Your stone body is resilient. (AC +7)
You are immune to poison.
You resist negative energy. (rN+)
You are resistant to electric shocks. (rElec)
You can survive without breathing.
You are immune to petrification.
You are immune to miasma.


Message History

The orc warrior looks as sick as possible!
The orc warrior is heavily wounded.
You are covered in liquid flames!
The orc warrior hits you but does no damage.
You block the smoke demon's attack. x2
The smoke demon hits you but does no damage.
You closely miss the orc warrior.
The orc warrior is severely wounded.
You are covered in liquid flames!
The orc priest calls down the wrath of Beogh upon you.
Beogh smites you!
* * * LOW HITPOINT WARNING * * *
The orc warrior hits you with a +0 scimitar.
* * * LOW HITPOINT WARNING * * *
You feel much better.
You are covered in liquid flames!
* * * LOW HITPOINT WARNING * * *
The smoke demon gestures at you. Makhleb smites you!
You die...

# .... .. #....
#.. ..... ....
...... .....
......
.....O#####......
#ooo@3........
#.######.....##
#............###
.............[..
#########....####
#............#
#............#
#............#
#............#


You could see a smoke demon (summoned), an orc warrior (extremely poisoned), an
ogre, an orc priest and an orc.

Vanquished Creatures
  A centaur zombie (D:8)
  A centaur skeleton (D:7)
  A troll (D:9)
  Edmund (D:4)
  A sky beast (D:8)
  A black bear (D:6)
  An ice beast (D:8)
  A phantom (D:7)
  An ogre (D:6)
  A necrophage (D:8)
  A centaur (D:6)
  A big kobold (D:7)
  9 bullfrogs
  5 killer bees (D:8)
  2 scorpions
  7 wights
  2 vampire bats (D:6)
  A crimson imp (D:5)
  3 howler monkeys
  3 hounds
  A bullfrog zombie (D:8)
  3 orc wizards
  2 orc priests (D:8)
  2 jellies
  2 bullfrog skeletons (D:8)
  A gnoll shaman (D:8)
  Crazy Yiuf (D:6)
  Jessica (D:2)
  An iguana (D:5)
  7 worker ants
  A hound skeleton (D:6)
  A hound zombie (D:8)
  A howler monkey zombie (D:8)
  A worker ant zombie (D:5)
  8 gnolls
  10 adders
  2 shadow imps
  An ooze (D:1)
  An adder skeleton (D:8)
  2 worms
  2 dart slugs (D:2)
  4 leopard geckos
  12 orcs
  3 bat skeletons (D:6)
  3 bat zombies (D:6)
  7 giant cockroaches
  5 goblins
  4 hobgoblins
  2 jackals (D:4)
  10 kobolds
  A quokka (D:6)
  5 bats
  10 frilled lizards
  A leopard gecko zombie (D:8)
  A quokka skeleton (D:5)
  10 rats
173 creatures vanquished.

Vanquished Creatures (others)
  A plant (D:4)
1 creature vanquished.

Grand Total: 174 creatures vanquished

Notes
Turn   | Place    | Note
-------+----------+-------------------------------------------
     0 | D:1      | Delamore the Gargoyle Fighter began the quest for the Orb.
     0 | D:1      | Reached XP level 1. HP: 14/14 MP: 1/1
   328 | D:1      | Reached XP level 2. HP: 19/19 MP: 2/2
   770 | D:2      | Reached XP level 3. HP: 24/24 MP: 3/3
   853 | D:2      | Noticed Jessica
   859 | D:2      | Killed Jessica
   860 | D:2      | Reached XP level 4. HP: 29/29 MP: 4/4
   916 | D:2      | Reached skill level 3 in Maces & Flails
   985 | D:2      | Found a faded altar of an unknown god.
  1076 | D:2      | Became a worshipper of Makhleb the Destroyer
  1076 | D:2      | Reached * piety under Makhleb
  1265 | D:2      | Found a blossoming altar of Fedhas.
  1392 | D:3      | Found a sparkling altar of Nemelex Xobeh.
  1901 | D:4      | Reached XP level 5. HP: 34/34 MP: 5/5
  1945 | D:4      | Noticed Edmund
  1961 | D:4      | Killed Edmund
  1961 | D:4      | Reached ** piety under Makhleb
  1962 | D:4      | Reached skill level 5 in Shields
  1962 | D:4      | Reached XP level 6. HP: 24/40 MP: 6/6
  1966 | D:4      | Reached skill level 5 in Fighting
  1966 | D:4      | Reached skill level 4 in Maces & Flails
  2144 | D:4      | Reached skill level 5 in Maces & Flails
  2187 | D:4      | Reached XP level 7. HP: 44/44 MP: 7/7
  2708 | D:5      | Entered Level 5 of the Dungeon
  2730 | D:5      | Reached skill level 6 in Maces & Flails
  2874 | D:5      | Found Dieqir's Jewellery Shop.
  2998 | D:5      | Found Goaf's Distillery.
  3000 | D:5      | Bought a potion of heal wounds for 50 gold pieces
  3000 | D:5      | Bought a potion of curing for 30 gold pieces
  3115 | D:5      | Found a shimmering blue altar of Sif Muna.
  3195 | D:5      | Found Soitalah's Jewellery Emporium.
  3248 | D:5      | Found Esereo's Antique Weapon Boutique.
  3540 | D:5      | Found a burning altar of Makhleb.
  3540 | D:5      | Found a radiant altar of Vehumet.
  3617 | D:6      | Found an opulent altar of Gozag.
  3645 | D:6      | Reached skill level 7 in Maces & Flails
  3670 | D:6      | Reached XP level 8. HP: 49/49 MP: 8/8
  3707 | D:6      | Reached skill level 8 in Maces & Flails
  3875 | D:6      | Found Egihokly's Assorted Antiques.
  3879 | D:6      | Bought 3 scrolls of identify for 186 gold pieces
  3880 | D:6      | Bought a scroll labelled ESKOGO CELO for 31 gold pieces
  3896 | D:6      | Reached skill level 9 in Maces & Flails
  3959 | D:6      | Reached *** piety under Makhleb
  3970 | D:6      | Found an ancient bone altar of Kikubaaqudgha.
  4174 | D:6      | Found a runed translucent door.
  4175 | D:6      | Noticed Crazy Yiuf
  4282 | D:6      | Killed Crazy Yiuf
  4352 | D:7      | Found a staircase to the Ecumenical Temple.
  4369 | D:7      | Reached skill level 10 in Maces & Flails
  4369 | D:7      | Reached XP level 9. HP: 54/54 MP: 9/9
  4388 | D:7      | Found a white marble altar of Elyvilon.
  4928 | D:7      | Reached skill level 11 in Maces & Flails
  5391 | Temple   | Entered the Ecumenical Temple
  5672 | D:8      | Reached skill level 12 in Maces & Flails
  5856 | D:8      | Reached **** piety under Makhleb
  5864 | D:8      | Reached XP level 10. HP: 54/59 MP: 10/10
  6067 | D:8      | Reached skill level 13 in Maces & Flails
  6453 | D:9      | Noticed a smoke demon
  6464 | D:9      | HP: 2/59 [orc warrior/+0 scimitar (1)]
  6465 | D:9      | Killed from afar by a smoke demon

Illustrated notes

Levels and vault maps discovered:
D:1:      scummos_arrival_checkerplants, layout_loops_cross
D:2:      layout_basic, fedhas_altar_1, chequers_ecumenical_altar_grove,
          uniq_jessica
D:3:      layout_basic, lemuel_doored_altar, kennysheep_generic_room_4
D:4:      cheibrodos_old_hovel, layout_loops_ring, serial_glass,
          glass_columns_b, glass_columns_a, glass_columns_b, glass_columns_c,
          glass_columns_c, feat_on_display, kennysheep_opposing_triangles,
          uniq_edmund
D:5:      layout_loops_ring, grunt_temple_overflow_lords_of_destruction,
          serial_shops, shop_statue, kennysheep_mini, kennysheep_mini_moat,
          shop, basic_altar
D:6:      layout_cave_pools, kennysheep_vampire_church,
          overflow_temple_1_default, serial_shops, shop, minmay_between,
          uniq_crazy_yiuf_cottage
D:7:      layout_basic, elyvilon_altar_3, minmay_temple_entry_drinking_statues,
          serial_corexii_hall, corexii_hall_statues_t, corexii_hall_statues_x
D:8:      layout_loops_corners, minmay_quadrilaterals
D:9:      layout_basic, nicolae_overflow_hidden_temple, zaba_anthell
Temple:   eino_temple_lava

Skill      XL: |  1  2  3  4  5  6  7  8  9 10 |
---------------+-------------------------------+-----
Fighting       | 4 5 |  5.0
Shields        | 4 5 |  5.0
Maces & Flails | 3 5 7 10 12 13 | 13.3
Armour         | |  3.2

Action                   |  1- 3 |  4- 6 |  7- 9 | 10-12 || total
-------------------------+-------+-------+-------+-------++-------
Melee: Flail             |    59 |    43 |   258 |    44 ||   404
       Whip              |    11 |   125 |       |       ||   136
Invok: Lesser Servant of |       |       |       |     1 ||     1
  Use: Scroll            |       |     1 |    10 |       ||    11
       Potion            |       |       |       |     1 ||     1
Armor: Scale mail        |    44 |    75 |    12 |       ||   131
       Chain mail        |       |       |   130 |    20 ||   150
Dodge: Dodged            |    14 |    44 |    33 |     5 ||    96
Block: Kite shield       |    42 |    84 |   136 |    12 ||   274
